 Dungeon Crawl Stone Soup version 0.28.0-47-ge53b351184 (webtiles) character file.

Game seed: 15998984720033397495

9314 issech the Basher (level 11, -2/98 HPs)
             Began as a Troll Fighter on Apr 27, 2022.
             Was a Priest of Hepliaklqana.
             Slain by a gnoll sergeant
             ... wielding a +1 spear of distortion
              (6 damage)
             ... on level 10 of the Dungeon.
             The game lasted 00:39:31 (9229 turns).

issech the Basher (Troll Fighter)                   Turns: 9229, Time: 00:39:32

Health: -2/98      AC:  4    Str: 26    XL:     11   Next: 21%
Magic:  1/1        EV: 12    Int:  2    God:    Hepliaklqana [***...]
Gold:   488        SH: 11    Dex: 19    Spells: 10/10 levels left

rFire   . . .      SeeInvis .   E - +0 morningstar
rCold   . . .      Faith    .   c - +0 kite shield
rNeg    . . .      Spirit   .   b - +0 robe
rPois   +          Reflect  .   (helmet restricted)
rElec   .          Harm     .   (no cloak)
rCorr   .          Rampage  .   (gloves unavailable)
Will    +++..                   (boots unavailable)
Stlth   ++........              t - amulet of regeneration
HPRegen 0.00/turn               H - ring of poison resistance
MPRegen 0.07/turn               G - ring "Jotovvan" {rPois Will+++ MP-9 Int-2 Dex+6}

@: sick, studying Staves
A: reduced essence, large, unfitting armour, claws 3, regeneration 1, shaggy fur
1, tough skin 1
a: Renounce Religion, Recall Ancestor, Ancestor Identity, Transference


You were on level 10 of the Dungeon.
You worshipped Hepliaklqana.
Hepliaklqana was most pleased with you.
You visited 2 branches of the dungeon, and saw 11 of its levels.
You visited the Abyss 1 time.

You collected 488 gold pieces.

Inventory:

Hand Weapons
 a - a +0 flail
 z - a +2 hand axe of flaming
 B - a +1 dire flail of holy wrath
 E - a +0 morningstar (weapon)
 N - a +4 halberd
 O - a +1 falchion of flaming
 R - a +0 dagger of venom
 S - a +0 giant spiked club
 T - a +1 dagger of venom
Missiles
 f - 292 stones
 l - 121 arrows
 o - 23 bolts
 v - 19 sling bullets
 w - a boomerang
 A - 31 poisoned darts
 C - 4 curare-tipped darts
 J - 3 large rocks (quivered)
Armour
 b - a +0 robe (worn)
 c - a +0 kite shield (worn)
 h - a scarf of harm
 P - an orb of light
Magical Staves
 y - a staff of poison
Jewellery
 q - a ring of wizardry
 s - an amulet of magic regeneration
 t - an amulet of regeneration (around neck)
 G - the ring "Jotovvan" (right claw) {rPois Will+++ MP-9 Int-2 Dex+6}
   (You found it on level 3 of the Dungeon)

   [ring of dexterity]

   Int:       It affects your intelligence (-2).
   Dex:       It affects your dexterity (+6).
   rPois:     It protects you from poison.
   MP:        It affects your magic capacity (-9).
   Will:      It greatly increases your willpower.
 H - a ring of poison resistance (left claw)
 Q - a +6 ring of intelligence
 U - a ring of ice
 V - a ring of protection from fire
Wands
 F - a wand of iceblast (2)
 K - a wand of digging (3)
Scrolls
 i - 2 scrolls of fear
 k - 2 scrolls of noise
 m - 5 scrolls of identify
 n - 8 scrolls of teleportation
 x - a scroll of holy word
 I - 3 scrolls of magic mapping
 L - a scroll of immolation
 M - a scroll of enchant weapon
Potions
 d - a potion of might
 e - 3 potions of magic {unknown}
 g - a potion of resistance {unknown}
 j - 3 potions of curing {unknown}
 p - 2 potions of lignification {unknown}
 r - a potion of attraction {unknown}
 u - 2 potions of invisibility {unknown}
 D - a potion of berserk rage {unknown}


   Skills:
 + Level 7.4 Fighting
 + Level 9.7 Maces & Flails
 + Level 2.6 Throwing
 + Level 6.9 Dodging
 + Level 1.6 Stealth
 + Level 6.8 Shields


You had 10 spell levels left.
You didn't know any spells.
Your spell library contained the following spells:

 Spells                   Type           Power      Damage    Failure   Level
 Scorch                   Fire           0%         2d5       90%         2
 Ozocubu's Armour         Ice            0%         N/A       99%         3
 Stone Arrow              Conj/Erth      0%         3d7       99%         3
 Tukima's Dance           Hex            0%         N/A       99%         3
 Anguish                  Hex/Necr       0%         N/A       100%        4
 Animate Armour           Summ/Erth      0%         N/A       100%        4
 Flame Wave               Conj/Fire      0%         2d4       100%        4
 Summon Ice Beast         Ice/Summ       0%         N/A       100%        4
 Metabolic Englaciation   Hex/Ice        0%         N/A       100%        5
 Summon Mana Viper        Hex/Summ       0%         N/A       100%        5
 Simulacrum               Ice/Necr       0%         N/A       100%        6
 Summon Cactus Giant      Summ           0%         N/A       100%        6
 Enfeeble                 Hex            0%         N/A       100%        7
 Monstrous Menagerie      Summ           0%         N/A       100%        7
 Lehudib's Crystal Spear  Conj/Erth      0%         10d2      100%        8


Dungeon Overview and Level Annotations

Branches:
Dungeon (10/15)            Temple (1/1) D:4
   Lair: D:8-11         Orc: D:9-12

Altars:
Ashenzari
Cheibriados
Dithmenos
Elyvilon
Fedhas
Gozag
Hepliaklqana
Kikubaaqudgha
Makhleb
Nemelex Xobeh
Okawaru
Qazlal
Ru
Sif Muna
Trog
Uskayaw
Vehumet
Wu Jian
Xom
Yredelemnul
Zin
The Shining One


Innate Abilities, Weirdness & Mutations

Your life essence is reduced to manifest your ancestor. (-10% HP)
You are too large for most types of armour.
You have claws for hands.
Your natural rate of healing is unusually fast.
You are covered in fur. (AC +1)
You have tough skin. (AC +1)


Message History

You feel ill.
A white imp comes into view.
A hellwing comes into view.
A large abomination comes into view.
Found a gateway leading out of the Abyss.
The white imp shouts, "Leave, thou fobbing base-court clotpole!"
You hear a chilling moan.
The white imp hits you. The white imp freezes you.
* * * LOW HITPOINT WARNING * * *
You block the large abomination's attack.
There is a gateway leading out of the Abyss here.
The white imp hits you but does no damage.
The large abomination closely misses you.
You block the ancient zyme's attack. The ancient zyme barely misses you.
You pass through the gate.
Welcome back to the Dungeon!
You block the gnoll sergeant's attack.
The gnoll sergeant hits you with a +1 spear of distortion!
* * * LOW HITPOINT WARNING * * *
You blink.
Audrea casts a spell at the gnoll sergeant.
The puff of frost hits the gnoll!
The gnoll hits Audrea with a +0 trident!
The gnoll hits Audrea with a +0 trident.
The white imp gestures at you. The puff of frost hits you!
* * * LOW HITPOINT WARNING * * *
Audrea casts a spell at the gnoll.
The stone arrow hits the gnoll!
The gnoll dies!
The white imp gestures at you.
The puff of frost hits Audrea.
Audrea resists.
Audrea points at the white imp and mumbles some strange words.
The stone arrow misses the white imp.
The white imp hits Audrea.
The white imp freezes Audrea.
Audrea resists.
Audrea hits the white imp with a +0 quarterstaff!
The white imp dies!
The gnoll sergeant hits you from afar with a +1 spear of distortion.
You die...

.....##+#P.P........#
..P.P.....P.......÷.#
.....P.?.P.PP.......#
......P).††.........#
.....P.Pg...........#
.....P..............#
..........gRX.......#
##>#.#####..........#
...#. ##..@.......#
## #. #........####
#.######## #.# #.#
#.# #.# #)# #.#


You could see the friendly Audrea the battlemage, a large abomination, a gnoll
sergeant and a gnoll.

Vanquished Creatures
  2 hydras
  A two-headed ogre (D:9)
  2 smoke demons (Abyss:1)
  A hornet (D:8)
  A vampire (D:10)
  A human (D:10)
  A wyvern (D:8)
  10 yaks (D:8)
  4 vampire mosquitoes (D:8)
  Edmund (D:4)
  2 hornet zombies
  2 black bears
  2 orc warriors
  2 sky beasts
  3 necrophages
  2 ice beasts
  An ogre (D:6)
  2 centaurs
  The ghost of falhazar the Ducker, an amateur DsMo (D:3)
  A kobold brigand (D:6)
  3 bullfrogs
  4 scorpions
  A wyvern skeleton (D:5)
  A water moccasin skeleton (D:6)
  The ghost of Malificent the Skirmisher, a weakling DjCA of Ignis (D:5)
  3 howler monkeys
  A bullfrog zombie (D:5)
  2 centaur zombies (D:8)
  3 quasits (D:3)
  A bullfrog skeleton (D:6)
  3 orc priests
  A gnoll shaman (D:8)
  3 iguanas
  7 orc wizards
  A killer bee zombie (D:9)
  A howler monkey zombie (D:8)
  18 gnolls
  2 river rats (D:3)
  7 adders
  A howler monkey skeleton (D:5)
  2 ufetubi
  2 worms
  3 dart slugs
  28 orcs
  5 bats
  9 endoplasms
  3 giant cockroaches
  9 goblins
  7 hobgoblins
  3 jackals (D:4)
  A quokka (D:3)
  4 ball pythons
  A frilled lizard (D:3)
  12 kobolds
  10 rats
205 creatures vanquished.

Vanquished Creatures (collateral kills)
  A komodo dragon (D:10)
  A yak (D:10)
  2 humans (D:10)
  2 centaurs
  2 kobold brigands (D:9)
  3 bullfrogs
  A water moccasin skeleton (D:6)
  A bullfrog skeleton (D:6)
  A gnoll shaman (D:9)
  An orc priest (D:9)
  5 orc wizards
  6 gnolls
  A howler monkey skeleton (D:7)
  2 white imps
  6 orcs
  5 kobolds (D:9)
40 creatures vanquished.

Vanquished Creatures (others)
  Sigmund (D:5)
  A black bear (D:6)
  An orc wizard (D:5)
  2 battlemagi
  8 ancestors
  A white imp (Abyss:1)
  2 orcs (D:5)
  7 fungi (D:10)
  5 plants (D:10)
28 creatures vanquished.

Grand Total: 273 creatures vanquished

Notes
Turn   | Place    | Note
-------+----------+-------------------------------------------
     0 | D:1      | issech the Troll Fighter began the quest for the Orb.
     0 | D:1      | Reached XP level 1. HP: 22/22 MP: 0/0
    51 | D:1      | Reached XP level 2. HP: 29/29 MP: 1/1
    61 | D:1      | Reached skill level 2 in Maces & Flails
   362 | D:1      | Reached XP level 3. HP: 36/36 MP: 2/2
   784 | D:2      | Found a faded altar of an unknown god.
   821 | D:2      | Found a radiant altar of Vehumet.
  1430 | D:3      | Reached XP level 4. HP: 41/44 MP: 3/3
  1572 | D:3      | You fall into a shaft and drop 2 floors!
  1572 | D:5      | Entered Level 5 of the Dungeon
  1577 | D:4      | Noticed an ice beast
  1577 | D:4      | Found a staircase to the Ecumenical Temple.
  1592 | D:5      | Reached skill level 3 in Maces & Flails
  1592 | D:5      | Reached XP level 5. HP: 53/53 MP: 4/4
  1686 | D:5      | Reached XP level 6. HP: 22/61 MP: 5/5
  1704 | D:5      | Reached skill level 4 in Maces & Flails
  1945 | D:5      | Noticed Sigmund
  2169 | D:4      | Reached XP level 7. HP: 68/68 MP: 6/6
  2209 | D:4      | Noticed Edmund
  2269 | D:4      | Killed Edmund
  2270 | D:4      | Reached skill level 5 in Maces & Flails
  2306 | Temple   | Entered the Ecumenical Temple
  2477 | Temple   | Became a worshipper of Hepliaklqana the Forgotten
  3106 | D:3      | Found a transporter.
  3109 | D:3      | Noticed falhazar's ghost (amateur DsMo)
  3125 | D:3      | Found a transporter.
  3358 | D:3      | Reached XP level 8. HP: 32/79 MP: 7/7
  4088 | D:5      | Reached * piety under Hepliaklqana
  4120 | D:5      | Found a runed translucent gate.
  4120 | D:5      | Found a runed translucent gate.
  4121 | D:5      | Found a runed translucent gate.
  4125 | D:5      | Noticed Malificent's ghost (weakling DjCA)
  4141 | D:5      | Killed Malificent's ghost
  4142 | D:5      | Reached skill level 6 in Maces & Flails
  4743 | D:5      | Killed Sigmund
  4837 | D:3      | Identified the ring "Jotovvan" {rPois Will+++ MP-9 Int-2
                  | Dex+6}
  4932 | D:3      | Killed falhazar's ghost
  4933 | D:3      | Reached skill level 5 in Fighting
  5225 | D:6      | Reached skill level 5 in Shields
  5227 | D:6      | Reached XP level 9. HP: 51/79 MP: 0/8
  5456 | D:6      | Noticed a four-headed hydra
  5474 | D:6      | Killed a four-headed hydra
  5475 | D:6      | Reached skill level 7 in Maces & Flails
  5475 | D:6      | Reached skill level 1 in Throwing
  5475 | D:6      | Reached skill level 5 in Dodging
  6103 | D:7      | Reached skill level 1 in Stealth
  6394 | D:8      | Reached XP level 10. HP: 70/88 MP: 0/9
  6416 | D:8      | Reached skill level 8 in Maces & Flails
  6958 | D:8      | Reached ** piety under Hepliaklqana
  6961 | D:8      | Remembered your ancestor Audrea as a battlemage
  6963 | D:8      | Found a stormy altar of Qazlal.
  7081 | D:8      | HP: 4/88 [yak (10)]
  7970 | D:9      | Noticed a two-headed ogre
  7973 | D:9      | Reached skill level 9 in Maces & Flails
  7976 | D:9      | Killed a two-headed ogre
  8262 | D:9      | Noticed a four-headed hydra
  8268 | D:9      | Killed a four-headed hydra
  8269 | D:9      | Reached XP level 11. HP: 86/98 MP: 1/10
  8667 | D:10     | Entered Level 10 of the Dungeon
  8706 | D:10     | Reached *** piety under Hepliaklqana
  9049 | D:10     | Cast into level 1 of the Abyss (gnoll sergeant)
  9049 | Abyss:1  | Found a corrupted altar of Lugonu.
  9223 | D:10     | Escaped the Abyss
  9226 | D:10     | HP: 4/98 [white imp/puff of frost (11)]
  9229 | D:10     | Slain by a gnoll sergeant

Illustrated notes

Levels and vault maps discovered:
D:1:      amcnicky_arrival_gap_in_the_tavern_cellar, layout_loops_ring
D:2:      layout_rooms, chequers_ecumenical_altar_island, basic_altar,
          grunt_ministairs_8
D:3:      layout_loops_corners, gammafunk_ghost_stat_death,
          gup_sewer_entry_bubbles
D:4:      layout_loops_ring, minmay_temple_entry_glass, uniq_edmund
D:5:      layout_loops_ring, ebering_ghost_rock_garden, uniq_sigmund
D:6:      layout_rooms, minmay_manual_macuahuitl
D:7:      layout_rooms
D:8:      layout_loops_corners, amcnicky_altar_gilded, minivault_19
D:9:      layout_irregular_city
D:10:     layout_basic, grunt_lair_entry_orc_guard_hut, serial_shops,
          nicolae_shop_behind_doors, minmay_ruffians
Temple:   kilobyte_greek_temple

Skill      XL: |  1  2  3  4  5  6  7  8  9 10 |
---------------+-------------------------------+-----
Maces & Flails | 2 3 4 5 6 7 9 |  9.7
Fighting       | 3 4 5 7 |  7.4
Shields        | 3 5 6 |  6.8
Dodging        | 3 4 5 6 |  6.9
Throwing       | 2 |  2.6
Stealth        | 1 |  1.6

Action                   |  1- 3 |  4- 6 |  7- 9 | 10-12 || total
-------------------------+-------+-------+-------+-------++-------
Melee: Flail             |   105 |   125 |   384 |       ||   614
       Morningstar       |       |       |    19 |   222 ||   241
Throw: Stone             |    10 |     4 |     5 |       ||    19
       Large rock        |       |       |    19 |     5 ||    24
       Boomerang         |       |       |     4 |     1 ||     5
Invok: Ancestor Life: Ba |       |       |       |     1 ||     1
  Use: Scroll            |     3 |       |     4 |       ||     7
 Stab: Distracted        |       |       |     1 |       ||     1
       Sleeping          |       |       |       |     1 ||     1
Armor: Robe              |    38 |    23 |   167 |    38 ||   266
Dodge: Dodged            |    45 |    45 |   213 |   143 ||   446
Block: Kite shield       |    54 |    42 |   258 |   139 ||   493
